[Event "Titled Tuesday Blitz February 07 Early 2023"]
[White "Ter-Sahakyan, Samvel"]
[Black "Tristan, Leonardo"]
[WhiteFideId "13302531"]
[BlackFideId "113816"]
[WhiteElo "2617"]
[BlackElo "2545"]
[Result "1/2-1/2"]
[Round "11"]
[TimeControl "180+2"]
[Date "2023.02.07"]
[WhiteClock "0:00:06"]
[BlackClock "0:00:08"]

1. d4 d5 2. c4 e6 3. Nf3 Nf6 4. g3 Be7 5. Bg2 O-O 6. O-O dxc4 7. Qc2 a6 8. a4 Bd7 9. Qxc4 Bc6 10. Bf4 Bd6 11. Nc3 Nbd7 12. a5 Qe7 13. Rfe1 Bxf4 14. gxf4 Bxf3 15. Bxf3 c6 16. e3 Kh8 17. Kh1 Rg8 18. Rg1 h6 19. Qb3 Rab8 20. Rg3 Nf8 21. Rag1 Ng6 22. Ne4 Nh4 23. Nxf6 Qxf6 24. Be4 Nf5 25. R3g2 Nh4 26. Rg4 Nf5 27. Qc2 g6 28. Qc5 Rgd8 29. b4 Kh7 30. Rc1 Rd7 31. Rgg1 Qe7 32. Rc2 Qf6 33. Rgc1 Nd6 34. Bf3 Nf5 35. Qe5 Qxe5 36. fxe5 h5 37. Be4 Ne7 38. Rc5 Kh6 39. Kg2 g5 40. R5c2 Ng6 41. h3 Nh4+ 42. Kg3 Ng6 43. Kf3 Rg8 44. Ke2 Ne7 45. Rg1 Nd5 46. Rc4 Ne7 47. f3 Rdd8 48. Rcc1 Nd5 49. Rc5 Ne7 50. Rcc1 Nd5 51. Bxd5 Rxd5 52. Rc5 Rdd8 53. Kd3 Kg6 54. Ke4 Kh6 55. Rc2 Rde8 56. Rcg2 Rg6 57. f4 gxf4 58. Rxg6+ fxg6 59. exf4 Rf8 60. Rg5 Rf7 61. h4 Kh7 62. Rg2 Kh6 63. Rc2 Kh7 64. b5 cxb5 65. d5 exd5+ 66. Kxd5 Rxf4 67. Rc7+ Kg8 68. e6 Kf8 69. Rxb7 Rxh4 70. Kd6 Rd4+ 71. Ke5 Rd1 72. Kf6 Rf1+ 73. Kxg6 h4 74. Rb6 h3 75. Rb8+ Ke7 76. Rh8 Kxe6 77. Rxh3 Ra1 78. Kg5 Rxa5 79. Kf4 Ra4+ 80. Kg5 Kd5 81. Kf5 b4 82. Rh8 a5 83. Rb8 Kc4 84. Ke4 Ra3 85. Rc8+ Kb3 86. Kd3 Ka4+ 87. Kc2 Ra2+ 88. Kb1 Rg2 89. Re8 Ka3 90. Re3+ b3 91. Re1 a4 92. Ka1 Ra2+ 93. Kb1 Rh2 94. Ka1 Rh4 95. Kb1 Kb4 96. Rf1 Rc4 97. Rg1 a3 98. Rh1 Re4 99. Rg1 Kc3 100. Rg3+ Kd2 101. Rxb3 Re3 102. Rxe3 Kxe3 103. Ka2 Kd3 104. Kxa3 1/2-1/2


[Site "https://www.chess.com"]

[Event "Titled Tuesday Blitz February 07 Early 2023"]
[White "Yuan, Qingyu"]
[Black "Martynov, Pavel"]
[WhiteFideId "8609772"]
[BlackFideId "4101260"]
[WhiteElo "2373"]
[BlackElo "2414"]
[Result "1-0"]
[Round "11"]
[TimeControl "180+2"]
[Date "2023.02.07"]
[WhiteClock "0:00:23"]
[BlackClock "0:00:21"]

1. e4 c5 2. Nf3 a6 3. c3 b5 4. d4 cxd4 5. cxd4 Bb7 6. Bd3 Nf6 7. Qe2 d5 8. e5 Ne4 9. e6 fxe6 10. Nbd2 Nf6 11. Ng5 Bc8 12. Ndf3 Nc6 13. O-O Qd6 14. Ne5 Nxd4 15. Qe3 Qb6 16. Nef7 Rg8 17. Ne5 Rb8 18. Nxh7 Nf5 19. Qg5 Qd4 20. Qg6+ Kd8 21. Nc6+ Kd7 22. Nxd4 Nxd4 23. Nxf6+ exf6 24. Qf7+ 1-0


[Site "https://www.chess.com"]

[Event "Titled Tuesday Blitz February 07 Early 2023"]
[White "Postny, Evgeny"]
[Black "Kalogeris, Ioannis"]
[WhiteFideId "2804344"]
[BlackFideId "4239563"]
[WhiteElo "2549"]
[BlackElo "2423"]
[Result "0-1"]
[Round "11"]
[TimeControl "180+2"]
[Date "2023.02.07"]
[WhiteClock "0:00:03"]
[BlackClock "0:00:22"]

1. e4 e5 2. Nf3 Nc6 3. Bc4 Bc5 4. c3 Nf6 5. d3 O-O 6. O-O d6 7. h3 Bb6 8. a4 a6 9. Nbd2 Ne7 10. Bb3 Ng6 11. Nc4 Ba7 12. Be3 Be6 13. Bxa7 Rxa7 14. Ne3 Qd7 15. Bxe6 Qxe6 16. Re1 Raa8 17. Qc2 h6 18. c4 a5 19. Nd5 Ne8 20. d4 c6 21. Ne3 Nf6 22. d5 cxd5 23. Nxd5 Nxd5 24. cxd5 Qd7 25. Re3 Rfc8 26. Rc3 Rxc3 27. Qxc3 Nf4 28. Kh2 Rc8 29. Qxa5 Rc2 30. Rf1 Rxb2 31. Qc3 Ra2 32. a5 Qb5 33. Qc8+ Kh7 34. Qf5+ Kg8 35. Rc1 g6 36. Qf6 Qd7 37. Rf1 Nh5 38. Qh4 Rxa5 39. g4 Ra3 40. Nxe5 Qb5 41. Rc1 Nf4 42. Rc8+ Kg7 0-1


[Site "https://www.chess.com"]

[Event "Titled Tuesday Blitz February 07 Early 2023"]
[White "Moksh Amit Doshi"]
[Black "Vaishali, Rameshbabu"]
[WhiteFideId "25064967"]
[BlackFideId "5091756"]
[WhiteElo "2401"]
[BlackElo "2418"]
[Result "0-1"]
[Round "11"]
[TimeControl "180+2"]
[Date "2023.02.07"]
[WhiteClock "0:00:40"]
[BlackClock "0:00:52"]

1. d4 Nf6 2. c4 Nc6 3. Nf3 e6 4. g3 Bb4+ 5. Bd2 Qe7 6. Nc3 d6 7. Qc2 O-O 8. Bg2 e5 9. dxe5 dxe5 10. O-O e4 11. Ng5 Nd4 12. Qd1 Bg4 13. h3 Bxc3 14. hxg4 Bxd2 15. Qxd2 Rad8 16. Qa5 b6 17. Qa4 Nxe2+ 18. Kh1 Nxg4 19. Nxe4 Qe5 20. Qb5 c5 0-1


[Site "https://www.chess.com"]

[Event "Titled Tuesday Blitz February 07 Early 2023"]
[White "Nguyen, Quoc Hy"]
[Black "Defend, Balint"]
[WhiteFideId "12410853"]
[BlackFideId "17004853"]
[WhiteElo "2352"]
[BlackElo "1673"]
[Result "0-1"]
[Round "11"]
[TimeControl "180+2"]
[Date "2023.02.07"]
[WhiteClock "0:00:06"]
[BlackClock "0:00:07"]

1. e4 c6 2. d4 d5 3. Nc3 dxe4 4. Nxe4 Nf6 5. Nxf6+ exf6 6. c3 Bd6 7. Bd3 O-O 8. Qc2 Re8+ 9. Ne2 h5 10. Be3 h4 11. g3 h3 12. O-O-O Nd7 13. Nf4 Nf8 14. Bf5 g6 15. Bxc8 Qxc8 16. Rde1 Qg4 17. Qd1 Qxd1+ 18. Kxd1 Bxf4 19. Bxf4 g5 20. Bd2 g4 21. f3 f5 22. Rhf1 Ng6 23. fxg4 fxg4 24. Rf5 Rxe1+ 25. Kxe1 Re8+ 26. Kf2 Re4 27. Be3 Kg7 28. d5 cxd5 29. Rxd5 a6 30. Rd7 Re7 31. Bd4+ f6 32. Rd6 Ne5 33. Bxe5 fxe5 34. Ke3 Rf7 35. Re6 Rf1 36. Rxe5 Rh1 37. Rg5+ Kf6 38. Rxg4 Rxh2 39. Rb4 b5 40. a4 Rg2 41. axb5 h2 42. Rh4 axb5 43. Kd4 Rxb2 44. Kc5 Kg6 45. Rh8 Kg5 46. Rh4 Kf5 47. Rf4+ Kg6 48. Rh4 Kg5 49. Kb6 b4 50. c4 b3 51. c5 Rc2 52. c6 b2 0-1


[Site "https://www.chess.com"]

[Event "Titled Tuesday Blitz February 07 Early 2023"]
[White "Sanchez, Sebastian Felipe"]
[Black "Ibarra Jerez, Jose Carlos"]
[WhiteFideId "4403304"]
[BlackFideId "2226332"]
[WhiteElo "2427"]
[BlackElo "2563"]
[Result "1-0"]
[Round "11"]
[TimeControl "180+2"]
[Date "2023.02.07"]
[WhiteClock "0:00:52"]
[BlackClock "0:00:09"]

1. d4 Nf6 2. c4 d6 3. Nc3 e5 4. Nf3 e4 5. Nd2 Qe7 6. e3 Bf5 7. Be2 h5 8. b4 g6 9. Bb2 Bg7 10. h3 h4 11. Qc2 O-O 12. O-O-O c5 13. bxc5 dxc5 14. d5 a6 15. g4 hxg3 16. fxg3 g5 17. g4 Bg6 18. h4 gxh4 19. g5 Nh7 20. Rxh4 Nxg5 21. Rdh1 Nf3 22. R4h3 Ng5 23. Rh4 f5 24. d6 Qe5 25. Rg1 f4 26. Nd1 Qf5 27. Rxf4 Bh6 28. Rxf5 Rxf5 29. Qc3 Kf7 30. Bg4 1-0


[Site "https://www.chess.com"]

[Event "Titled Tuesday Blitz February 07 Early 2023"]
[White "Borgaonkar Akshay"]
[Black "Madaminov, Mukhiddin"]
[WhiteFideId "25639110"]
[BlackFideId "14210703"]
[WhiteElo "1991"]
[BlackElo "2422"]
[Result "1-0"]
[Round "11"]
[TimeControl "180+2"]
[Date "2023.02.07"]
[WhiteClock "0:00:20"]
[BlackClock "0:00:44"]

1. e4 e5 2. Nf3 Nc6 3. Bb5 a6 4. Ba4 Nf6 5. d3 d6 6. c4 g6 7. Nc3 Bg7 8. Bg5 O-O 9. Nd5 Nb8 10. h4 c6 11. Nxf6+ Bxf6 12. Bh6 Bg7 13. Qd2 Bg4 14. Bd1 Nd7 15. h5 Qf6 16. hxg6 fxg6 17. Bxg7 Qxg7 18. Ng5 Bxd1 19. Ne6 Qe7 20. Nxf8 Rxf8 21. Rxd1 Nc5 22. b4 Ne6 23. Qe3 Nd4 24. Kd2 a5 25. a3 axb4 26. axb4 Ra8 27. Qh6 Ra2+ 28. Ke1 Qf7 29. Qh4 h5 30. Kf1 Kg7 31. Qg3 Ne2 32. Qe3 Nd4 33. Rh3 Rb2 34. Kg1 Rxb4 35. Rf1 Rb2 36. Kh1 Re2 37. Qg3 Ne6 38. Rxh5 Nf4 39. Rh2 Qf6 40. Qg4 Rd2 41. Qd7+ Kf8 42. Qc8+ Kg7 43. Qh8+ Kf7 44. Rh7+ Ke6 45. Qe8+ Qe7 46. Qxe7# 1-0


[Site "https://www.chess.com"]

[Event "Titled Tuesday Blitz February 07 Early 2023"]
[White "Janaszak, Dawid"]
[Black "Harsh Suresh"]
[WhiteFideId "1119206"]
[BlackFideId "45018464"]
[WhiteElo "2316"]
[BlackElo "2298"]
[Result "1-0"]
[Round "11"]
[TimeControl "180+2"]
[Date "2023.02.07"]
[WhiteClock "0:00:43"]
[BlackClock "0:00:08"]

1. e4 c5 2. Nc3 d6 3. f4 g6 4. Nf3 Bg7 5. Bc4 Nc6 6. O-O e6 7. d4 cxd4 8. Nb5 Nge7 9. Bb3 O-O 10. Nbxd4 Nxd4 11. Nxd4 b6 12. c3 Bb7 13. f5 e5 14. f6 Bxf6 15. Rxf6 exd4 16. Qxd4 Nc6 17. Qf2 Ne5 18. Bh6 d5 19. h3 Re8 20. Rd1 Qe7 21. exd5 Qc5 22. Be3 Qf8 23. d6 Rad8 24. Bd4 Rxd6 25. Rxd6 Qxd6 26. Bxe5 Qxe5 27. Qxf7+ Kh8 28. Qxb7 Qc5+ 29. Kh1 Qf2 30. Qf3 Qxb2 31. Qf6# 1-0


[Site "https://www.chess.com"]

[Event "Titled Tuesday Blitz February 07 Early 2023"]
[White "Yaran, Siar"]
[Black "Borges Feria, Yasel"]
[WhiteFideId "6323006"]
[BlackFideId "3504921"]
[WhiteElo "2288"]
[BlackElo "2439"]
[Result "1/2-1/2"]
[Round "11"]
[TimeControl "180+2"]
[Date "2023.02.07"]
[WhiteClock "0:00:11"]
[BlackClock "0:00:16"]

1. d4 Nf6 2. c4 e6 3. Nc3 Bb4 4. e3 O-O 5. Bd3 c5 6. Nf3 d5 7. O-O dxc4 8. Bxc4 cxd4 9. exd4 b6 10. Bg5 Bb7 11. Rc1 Be7 12. a3 h6 13. Bh4 Nc6 14. Ba2 Nh5 15. Bg3 Nxg3 16. hxg3 Bf6 17. d5 exd5 18. Bxd5 Rc8 19. Rc2 Ba6 20. Re1 Ne7 21. Rd2 Nxd5 22. Nxd5 Bb7 23. Ne7+ Bxe7 24. Rxd8 Rfxd8 25. Qa4 Bf6 26. Qxa7 Bxf3 27. gxf3 Bxb2 28. Re7 Ra8 29. Qxb6 Bxa3 30. Rb7 Rf8 31. Qb3 Bc5 32. Qd5 Rac8 33. Kg2 Ba3 34. f4 Bc5 35. g4 Ba3 36. f5 Rcd8 37. Qb3 Bd6 38. Qc4 Be5 39. f4 Bf6 40. Rc7 Rd4 41. Qc1 Rfd8 42. Rc8 Rxc8 43. Qxc8+ Kh7 44. Qc1 Rd8 45. g5 hxg5 46. fxg5 Be5 47. Kf3 Kg8 48. Qc5 Bd6 49. Qb6 Be7 50. f6 gxf6 51. gxf6 Rd6 52. Qb8+ Bf8 53. Qb2 Re6 54. Kg4 Rd6 55. Kf5 Rd5+ 56. Ke4 Rh5 57. Qg2+ Kh8 58. Qg4 Rh6 59. Kf5 Rg6 60. Qh5+ Kg8 61. Qh1 Rh6 62. Qg2+ Rg6 63. Qd5 Rh6 64. Kg5 Rg6+ 65. Kf5 Rh6 66. Qd1 Rg6 67. Qe2 Rh6 68. Qf3 Rg6 69. Ke5 Rg5+ 70. Ke4 Rg6 71. Kd5 Rg5+ 72. Kc6 Rc5+ 73. Kd7 Rg5 74. Qf4 Rg1 75. Qf2 Rg5 76. Qh2 Bg7 77. fxg7 Kxg7 78. Ke7 Rg6 79. Qe5+ Kg8 80. Qf5 Re6+ 81. Kd7 Kg7 82. Qg5+ Kf8 83. Qh4 Kg7 84. Qg3+ Kf8 85. Qg5 Rg6 86. Qe5 Kg8 87. Qb8+ Kg7 88. Qb2+ Kg8 89. Qd4 Re6 90. Qh4 Rg6 91. Kd8 Re6 92. Qh5 Rg6 93. Qf5 Re6 94. Qb5 Rg6 95. Qb3 Re6 96. Kc7 Rg6 97. Kd7 Re6 98. Qh3 Rg6 99. Qh4 Re6 100. Qd8+ Kg7 101. Qc8 Rg6 102. Qc3+ Kg8 103. Qa5 Re6 104. Qa8+ Kg7 105. Kd8 Rg6 106. Qa1+ Kg8 107. Qa4 Re6 108. Qd7 Kg7 109. Qd4+ Kg8 110. Kd7 Rg6 111. Qf4 Re6 112. Qf5 Rg6 113. Ke7 Re6+ 114. Kd8 Rg6 115. Kd7 Re6 116. Qg5+ Rg6 117. Qh4 Re6 118. Qd4 Rg6 119. Qd3 Re6 120. Kc7 Rg6 121. Qe4 Re6 122. Qf4 Rg6 123. Kd7 Re6 1/2-1/2


[Site "https://www.chess.com"]

[Event "Titled Tuesday Blitz February 07 Early 2023"]
[White "Kosakowski, Jakub"]
[Black "Mohamed Anees M"]
[WhiteFideId "1185080"]
[BlackFideId "35065815"]
[WhiteElo "2485"]
[BlackElo "2315"]
[Result "1-0"]
[Round "11"]
[TimeControl "180+2"]
[Date "2023.02.07"]
[WhiteClock "0:01:26"]
[BlackClock "0:00:32"]

1. e4 c5 2. Nf3 Nc6 3. c3 Nf6 4. e5 Nd5 5. Bc4 Nb6 6. Bb3 c4 7. Bc2 g6 8. O-O Bg7 9. Re1 O-O 10. a4 d6 11. a5 Nd5 12. exd6 Qxd6 13. h3 Nf4 14. Na3 Be6 15. Nb5 Qc5 16. Nc7 Rad8 17. d4 cxd3 18. Bxf4 dxc2 19. Qxc2 Bf5 20. Qe2 Rd7 21. Qb5 Qxb5 22. Nxb5 a6 23. Nbd4 Nxd4 24. Nxd4 Bd3 25. Rad1 Bc4 26. Nf5 Rfd8 27. Nxe7+ Kf8 28. Rxd7 Rxd7 29. Nc8 Be6 30. Nb6 Rd3 31. Kf1 h6 32. Ke2 Rd8 33. Bc7 Re8 34. Kd2 h5 35. b4 Bh6+ 36. f4 Kg8 37. c4 Re7 38. Bd6 Re8 39. Kc3 Rd8 40. Be5 Bf5 41. Nd5 Be6 42. Rd1 Kf8 43. Rd4 g5 44. Bf6 1-0


[Site "https://www.chess.com"]

[Event "Titled Tuesday Blitz February 07 Early 2023"]
[White "Poliakova, Varvara"]
[Black "Maximov, Dmitry"]
[WhiteFideId "13518313"]
[BlackFideId "14105659"]
[WhiteElo "2010"]
[BlackElo "2497"]
[Result "0-1"]
[Round "11"]
[TimeControl "180+2"]
[Date "2023.02.07"]
[WhiteClock "0:00:51"]
[BlackClock "0:00:25"]

1. e4 c5 2. Nf3 d6 3. d4 cxd4 4. Nxd4 Nf6 5. Nc3 a6 6. h3 h5 7. a4 Nc6 8. Be3 Bd7 9. g3 Rc8 10. Bg2 Ne5 11. Nd5 Nxd5 12. exd5 Nc4 13. Bc1 g6 14. b3 Qa5+ 15. Bd2 Nxd2 16. Qxd2 Qxd2+ 17. Kxd2 Bh6+ 18. Kd3 O-O 19. c4 Rc7 20. Rae1 Bc8 21. f4 h4 22. f5 hxg3 23. fxg6 fxg6 24. Be4 Rf2 25. Bxg6 g2 26. Rhg1 Bxh3 27. Be4 e5 28. dxe6 Rg7 29. e7 Rxe7 30. Bd5+ Kf8 31. Be6 Rg7 32. Ke4 Rg3 33. Bxh3 Rxh3 34. Kd5 Kf7 35. Kxd6 Bf4+ 36. Kd7 Rd3 37. Re7+ Kf6 38. Re4 Be5 39. Kc8 Rxd4 40. Ree1 Rb2 41. Kxb7 Bh2 42. Rxg2 Rxg2 43. c5 Rb2 44. Re3 Bf4 45. Rf3 Ke6 46. c6 Rb4+ 47. Kxa6 R2xb3 48. Rf1 Rxa4# 0-1


[Site "https://www.chess.com"]

[Event "Titled Tuesday Blitz February 07 Early 2023"]
[White "Ambartsumova, Karina"]
[Black "Assaubayeva, Bibisara"]
[WhiteFideId "4166299"]
[BlackFideId "13708694"]
[WhiteElo "2393"]
[BlackElo "2464"]
[Result "0-1"]
[Round "11"]
[TimeControl "180+2"]
[Date "2023.02.07"]
[WhiteClock "0:00:01"]
[BlackClock "0:00:16"]

1. e3 Nf6 2. c4 e6 3. Nf3 d5 4. Nc3 c5 5. cxd5 exd5 6. d4 Nc6 7. Be2 Be7 8. O-O O-O 9. dxc5 Bxc5 10. b3 Bg4 11. Bb2 a6 12. h3 Bh5 13. Rc1 Ba7 14. Na4 Ne4 15. Nd4 Bxe2 16. Nxe2 Qd6 17. Nd4 Nxd4 18. Bxd4 Bb8 19. f4 Ba7 20. Bxa7 Rxa7 21. Qd4 Raa8 22. Rfd1 Rad8 23. Nc5 Ng3 24. Qd3 Qe7 25. Kh2 Nh5 26. Qd4 Rfe8 27. Re1 Nf6 28. Nd3 Qa3 29. Rc2 Re4 30. Qc5 Qxc5 31. Nxc5 Re7 32. Ree2 Rc8 33. b4 g6 34. Kg1 Rec7 0-1


[Site "https://www.chess.com"]

[Event "Titled Tuesday Blitz February 07 Early 2023"]
[White "Iniyan, P"]
[Black "Cori T., Deysi"]
[WhiteFideId "25002767"]
[BlackFideId "3801934"]
[WhiteElo "2525"]
[BlackElo "2362"]
[Result "0-1"]
[Round "11"]
[TimeControl "180+2"]
[Date "2023.02.07"]
[WhiteClock "0:00:10"]
[BlackClock "0:01:04"]

1. b3 Nf6 2. Bb2 d6 3. f4 Nc6 4. Nf3 Bg4 5. e3 e5 6. fxe5 dxe5 7. Be2 Bc5 8. Nxe5 Bxe2 9. Qxe2 Nxe5 10. Bxe5 O-O 11. O-O Nd7 12. Bb2 Re8 13. Nc3 Bf8 14. Nd5 Nc5 15. Qf3 f6 16. d3 c6 17. Nf4 Qe7 18. e4 Nd7 19. Nh5 Qc5+ 20. Kh1 Ne5 21. Qe2 Ng6 22. Rae1 Bd6 23. d4 Qg5 24. Qc4+ Kh8 25. Rf5 Qxf5 26. Qf7 Qxh5 0-1


[Site "https://www.chess.com"]

[Event "Titled Tuesday Blitz February 07 Early 2023"]
[White "Leiva, Gianmarco"]
[Black "Czopor, Maciej"]
[WhiteFideId "3804399"]
[BlackFideId "21805431"]
[WhiteElo "2392"]
[BlackElo "2385"]
[Result "0-1"]
[Round "11"]
[TimeControl "180+2"]
[Date "2023.02.07"]
[WhiteClock "0:00:08"]
[BlackClock "0:01:06"]

1. e4 g6 2. d4 Bg7 3. Nc3 c6 4. Nf3 d5 5. h3 dxe4 6. Nxe4 Nf6 7. Nxf6+ exf6 8. c3 O-O 9. Be2 Re8 10. O-O Nd7 11. Bf4 Nf8 12. Qd2 Ne6 13. Be3 f5 14. Rad1 f4 15. Bc4 fxe3 16. fxe3 Nc7 17. Ne5 Be6 18. Nxf7 Qd7 19. Qe2 Bxc4 20. Qxc4 Nd5 21. Rde1 Rf8 22. Ng5 Rxf1+ 23. Rxf1 b5 24. Qb3 Bh6 25. Ne4 Bxe3+ 26. Kh1 Kg7 27. Nc5 Qd6 28. c4 bxc4 29. Qb7+ Nc7 30. Qxc7+ Qxc7 31. Ne6+ Kh6 32. Nxc7 Rb8 33. Rf3 Bxd4 34. b3 c3 35. Rf2 Bxf2 0-1


[Site "https://www.chess.com"]

[Event "Titled Tuesday Blitz February 07 Early 2023"]
[White "Podetti, Davide"]
[Black "Morefield, Jason"]
[WhiteFideId "893617"]
[BlackFideId "30920825"]
[WhiteElo "2281"]
[BlackElo "2167"]
[Result "1/2-1/2"]
[Round "11"]
[TimeControl "180+2"]
[Date "2023.02.07"]
[WhiteClock "0:00:08"]
[BlackClock "0:00:05"]

1. e4 c5 2. Nf3 d6 3. Bb5+ Bd7 4. Bxd7+ Nxd7 5. O-O Ngf6 6. Qe2 e6 7. c3 Be7 8. d4 O-O 9. e5 Ne8 10. Nbd2 cxd4 11. cxd4 dxe5 12. dxe5 Nc5 13. Nc4 Qd3 14. Qxd3 Nxd3 15. Rd1 Nxc1 16. Raxc1 Nc7 17. Ne3 Rac8 18. g3 Rfd8 19. Rxd8+ Bxd8 20. Nd4 a6 21. Kg2 Kf8 22. Rc3 Ke8 23. Rb3 b5 24. Rc3 Be7 25. Kf3 Kd7 26. Ke4 Na8 27. Rxc8 Kxc8 28. f4 Kd7 29. Ng4 Nb6 30. Nf2 Na4 31. Nd3 g6 32. Nf3 h6 33. Kd4 Kc6 34. Nd2 Bd8 35. Nb4+ Kb7 36. Nd3 Bb6+ 37. Ke4 Bg1 38. Nf3 Bb6 39. h4 Nc5+ 40. Nxc5+ Bxc5 41. g4 Be7 42. h5 gxh5 43. gxh5 Kc6 44. f5 Kd7 45. Nd4 Bc5 46. Nf3 a5 47. Nh2 a4 48. Ng4 Bf8 49. Nf6+ Kc6 50. Nh7 Bc5 51. Nf6 Be7 52. Ng8 Bf8 53. Nf6 b4 54. Nh7 Be7 55. Nf6 b3 56. axb3 axb3 57. Ng8 Ba3 58. Kd3 Bxb2 59. Nxh6 Bxe5 60. Nxf7 Bf6 61. fxe6 Kd5 62. h6 Kxe6 63. Nd8+ Bxd8 64. Kc3 Bf6+ 65. Kxb3 Kf7 66. h7 Bh8 67. Kc4 Kg7 68. Kd3 Kxh7 1/2-1/2


[Site "https://www.chess.com"]

[Event "Titled Tuesday Blitz February 07 Early 2023"]
[White "Matinian, Nikita"]
[Black "Belov, Alexei"]
[WhiteFideId "24129100"]
[BlackFideId "4128206"]
[WhiteElo "2407"]
[BlackElo "2421"]
[Result "1-0"]
[Round "11"]
[TimeControl "180+2"]
[Date "2023.02.07"]
[WhiteClock "0:00:38"]
[BlackClock "0:00:23"]

1. d4 e6 2. e4 d5 3. Nc3 Nf6 4. e5 Ne4 5. Qg4 f5 6. exf6 Nxf6 7. Qg5 c5 8. Nf3 Nc6 9. Bb5 cxd4 10. Nxd4 Bd7 11. Be3 Nxd4 12. Bxd4 Bxb5 13. Nxb5 Qa5+ 14. Nc3 O-O-O 15. O-O-O Bb4 16. Qxg7 Ne4 17. Nxe4 dxe4 18. a3 Rhg8 19. Qxh7 Rxg2 20. Qxe4 Rgg8 21. Qxe6+ Kb8 22. Qe5+ Ka8 23. Qxa5 Bxa5 24. h4 Rd7 25. h5 Rh7 26. h6 Bc7 27. Be3 Rg6 28. Rdg1 Rxg1+ 29. Rxg1 a6 30. Rg7 1-0


[Site "https://www.chess.com"]

[Event "Titled Tuesday Blitz February 07 Early 2023"]
[White "Tan, Zhongyi"]
[Black "Jaskolka, Tomasz"]
[WhiteFideId "8603642"]
[BlackFideId "1170791"]
[WhiteElo "2517"]
[BlackElo "2238"]
[Result "1-0"]
[Round "11"]
[TimeControl "180+2"]
[Date "2023.02.07"]
[WhiteClock "0:01:01"]
[BlackClock "0:01:10"]

1. d4 d5 2. c4 e5 3. dxe5 d4 4. Nf3 Nc6 5. a3 a5 6. e3 Bc5 7. exd4 Nxd4 8. Be2 Bf5 9. Nxd4 Bxd4 10. O-O Bxe5 11. Bf3 c6 12. Qe2 f6 13. Rd1 Qe7 14. Be3 Nh6 15. Bxh6 gxh6 16. Re1 O-O-O 17. Nc3 Qc7 18. g3 Bxc3 19. bxc3 Bd3 20. Qe6+ Qd7 21. Qe3 Bxc4 22. Rad1 Qc7 23. Qa7 Ba6 24. Bg4+ 1-0


[Site "https://www.chess.com"]

[Event "Titled Tuesday Blitz February 07 Early 2023"]
[White "Mamedov, Edgar"]
[Black "Oro, Faustino"]
[WhiteFideId "13739980"]
[BlackFideId "20000197"]
[WhiteElo "2193"]
[BlackElo "2269"]
[Result "1-0"]
[Round "11"]
[TimeControl "180+2"]
[Date "2023.02.07"]
[WhiteClock "0:00:08"]
[BlackClock "0:00:05"]

1. d4 Nf6 2. Bg5 d5 3. e3 c5 4. Bxf6 gxf6 5. dxc5 e6 6. Nf3 Bxc5 7. c4 dxc4 8. Nbd2 c3 9. bxc3 f5 10. Be2 Nc6 11. O-O O-O 12. e4 Qf6 13. exf5 Qxf5 14. Nb3 Bb6 15. Nbd4 Nxd4 16. cxd4 Rd8 17. Bd3 Qf6 18. Qc2 h6 19. Rad1 Bd7 20. Be4 Rac8 21. Qe2 Rc7 22. Ne5 Ba4 23. Rd3 Rxd4 24. Rg3+ Kf8 25. Bh7 Rd5 26. Rg8+ Ke7 27. Ng4 Qf4 28. g3 Qd4 29. Nxh6 Rc3 30. Nf5+ Rxf5 31. Bxf5 Rc5 32. Rg4 Qf6 33. Rxa4 Rxf5 34. Re4 Bc5 35. Kg2 b6 36. f4 Qg6 37. Rd1 Rh5 38. h3 Qh7 39. Rh1 Qg6 40. Re5 Rh8 41. h4 Rg8 42. Rg5 Qh7 43. Rxg8 Qxg8 44. h5 Qa8+ 45. Qf3 Qh8 46. g4 Qb2+ 47. Kg3 Qg7 48. h6 Qh7 49. f5 Bd6+ 50. Kg2 Qh8 51. f6+ Kd7 52. Qb7+ Kd8 53. Qa8+ Kd7 1-0


[Site "https://www.chess.com"]

[Event "Titled Tuesday Blitz February 07 Early 2023"]
[White "Turzo, Attila"]
[Black "Chernobay, Artem"]
[WhiteFideId "704954"]
[BlackFideId "4167406"]
[WhiteElo "2279"]
[BlackElo "2484"]
[Result "0-1"]
[Round "11"]
[TimeControl "180+2"]
[Date "2023.02.07"]
[WhiteClock "0:01:20"]
[BlackClock "0:01:29"]

1. d4 Nf6 2. c4 c5 3. d5 b5 4. cxb5 a6 5. bxa6 g6 6. Nc3 Bg7 7. e4 O-O 8. Nf3 d6 9. Nd2 e6 10. Bc4 exd5 11. Nxd5 Bxa6 12. Bxa6 Nxa6 13. Nxf6+ Qxf6 14. O-O Rfe8 15. Rb1 Nb4 16. a3 Nd3 17. Qc2 Qd4 18. Nf3 Qxe4 19. b3 d5 20. Rd1 Nxf2 21. Qxe4 Nxe4 22. Bb2 Bxb2 23. Rxb2 Rxa3 0-1


[Site "https://www.chess.com"]

[Event "Titled Tuesday Blitz February 07 Early 2023"]
[White "Degenbaev, Aziz"]
[Black "Liyanage, Ranindu Dilshan"]
[WhiteFideId "13802640"]
[BlackFideId "9915834"]
[WhiteElo "2203"]
[BlackElo "2342"]
[Result "1-0"]
[Round "11"]
[TimeControl "180+2"]
[Date "2023.02.07"]
[WhiteClock "0:00:14"]
[BlackClock "0:00:04"]

1. e4 e5 2. Nf3 Nc6 3. d4 exd4 4. c3 d5 5. Bd3 dxc3 6. exd5 Qxd5 7. Nxc3 Qh5 8. O-O Be6 9. Bf4 O-O-O 10. Qe2 Nf6 11. Rac1 Bg4 12. Nb5 Nd5 13. Bg3 Bb4 14. Rxc6 bxc6 15. Nxa7+ Kb7 16. Nxc6 Bxf3 17. Nxd8+ Rxd8 18. gxf3 Bd6 19. Be4 c6 20. Qc4 Qg5 21. Rc1 Bxg3 22. Qxc6+ Kb8 23. hxg3 Qe5 24. Qb5+ Ka7 25. Rc6 Rd6 26. Rxd6 Qxd6 27. Qxd5 1-0


[Site "https://www.chess.com"]

[Event "Titled Tuesday Blitz February 07 Early 2023"]
[White "Manukyan, Sargis A."]
[Black "Ilinca Ilinca, Felix Antonio"]
[WhiteFideId "13303970"]
[BlackFideId "54764998"]
[WhiteElo "2158"]
[BlackElo "2266"]
[Result "0-1"]
[Round "11"]
[TimeControl "180+2"]
[Date "2023.02.07"]
[WhiteClock "0:00:16"]
[BlackClock "0:00:15"]

1. d4 d5 2. c4 e6 3. Nc3 Nf6 4. Nf3 Bb4 5. Bg5 h6 6. Bh4 dxc4 7. e3 b5 8. a4 c6 9. Nd2 Bb7 10. axb5 cxb5 11. Nxb5 O-O 12. Nc3 Nbd7 13. Bxc4 Bxg2 14. Rg1 Bb7 15. Qb3 a5 16. Ke2 Rc8 17. Bd3 e5 18. Bxf6 Nxf6 19. dxe5 Nd7 20. e6 Nc5 21. exf7+ Rxf7 22. Bh7+ Kf8 23. Qc2 Ba6+ 24. Ke1 Qh4 25. Nf1 Nb3 26. Rd1 Rxc3 27. Rd8+ Ke7 28. Rd7+ Kxd7 29. Bf5+ Ke7 30. bxc3 Rxf5 31. Qxf5 Bxc3+ 32. Kd1 Qc4 33. Rxg7+ Bxg7 34. Nd2 Qe2+ 35. Kc2 Qxd2+ 36. Kxb3 Qb4+ 37. Kc2 Qc4+ 38. Kd1 Qe2+ 39. Kc1 Bb2+ 40. Kb1 Bd3+ 41. Ka2 Bxf5 42. e4 Be6+ 43. Kb1 Kd6 44. e5+ Kc5 45. h3 Kc4 46. h4 Kb3 47. h5 Bd7 48. f4 Be8 49. f5 a4 50. e6 a3 51. f6 Bg6+ 52. hxg6 Qxe6 53. g7 Qf7 54. g8=Q Qxg8 55. f7 Qh8 56. f8=Q a2# 0-1


[Site "https://www.chess.com"]

[Event "Titled Tuesday Blitz February 07 Early 2023"]
[White "Panesso Rivera, Henry"]
[Black "Sowul, Bartosz"]
[WhiteFideId "4402707"]
[BlackFideId "1137590"]
[WhiteElo "2342"]
[BlackElo "2269"]
[Result "1-0"]
[Round "11"]
[TimeControl "180+2"]
[Date "2023.02.07"]
[WhiteClock "0:00:52"]
[BlackClock "0:00:04"]

1. Nf3 Nf6 2. g3 d5 3. Bg2 Bg4 4. h3 Bh5 5. O-O c6 6. d4 Nbd7 7. Bd2 e6 8. Re1 Ne4 9. a3 f5 10. Bb4 Bxb4 11. axb4 a5 12. bxa5 Rxa5 13. Nbd2 O-O 14. Nb3 Rxa1 15. Qxa1 Qa8 16. Qxa8 Rxa8 17. Ra1 Rxa1+ 18. Nxa1 Kf7 19. Kf1 Ke7 20. Ke1 g5 21. Nb3 g4 22. hxg4 Bxg4 23. Na5 Nd6 24. Ne5 Nf6 25. f3 Bh5 26. Kd2 Be8 27. b4 Nh5 28. g4 Nf4 29. Bf1 fxg4 30. fxg4 Ng6 31. Nxg6+ Bxg6 32. e3 Kf6 33. c4 dxc4 34. Bxc4 b6 35. Be2 bxa5 36. bxa5 Nc8 37. Bf3 Be8 38. Kc3 h6 39. Kb4 Ke7 40. Kc5 Kd8 41. Bxc6 Bg6 42. Bb7 Kc7 43. Bxc8 Kxc8 44. Kd6 Bf7 45. Ke7 h5 46. gxh5 Bxh5 47. Kxe6 Bf3 48. d5 Kc7 49. d6+ Kb7 50. e4 Bxe4 51. d7 Bf5+ 52. Kxf5 Kc7 53. Ke6 Kd8 54. a6 Kc7 55. Ke7 Kb6 56. d8=Q+ Kxa6 57. Qb8 1-0


[Site "https://www.chess.com"]